 Dungeon Crawl Stone Soup version 0.30.0-17-ge0270778cf (webtiles) character file.

Game seed: 15507555055204293096

111993 GloriousHammer the Slayer (level 16, -5/213 (242) HPs)
             Began as an Ogre Transmuter on May 21, 2023.
             Was a High Priest of Sif Muna.
             Slain by a pharaoh ant (13 damage)
             ... on level 1 of the Spider Nest.
             The game lasted 01:49:13 (34712 turns).

GloriousHammer the Slayer (Ogre Transmuter)        Turns: 34712, Time: 01:49:14

HP:   -5/213 (242)  AC:  9    Str: 18    XL:     16   Next: 59%
MP:   19/29         EV: 10    Int: 20    God:    Sif Muna [*****.]
Gold: 580           SH:  0    Dex:  9    Spells: 12/33 levels left

rFire   x .          .
                       - Unarmed
rCold   + + +        (shield currently unavailable)
rNeg    . . .        k - melded +1 robe {Will+}
rPois   +            (helmet currently unavailable)
rElec   .            E - melded +0 cloak
rCorr   +            (gloves unavailable)
SInv    .            (boots unavailable)
Will    +....        a - amulet of Vitality {RegenMP++ Regen++}
Stlth   ++           P - ring of poison resistance
HPRegen 2.15/turn    R - ring of resist corrosion
MPRegen 1.01/turn

%: no passive effects
@: ice-form, heavily drained
A: freezing attack, amphibious, boosted hp, large, unfitting armour, (tough skin
1)
a: End Transformation, Renounce Religion, Channel Magic, Forget Spell, Divine
Exegesis


You were on level 1 of the Spider Nest.
You worshipped Sif Muna.
Sif Muna was extremely pleased with you.
You were a creature of crystalline ice.
You visited 5 branches of the dungeon, and saw 24 of its levels.
You also visited: Sewer and Ice Cave.

You collected 2108 gold pieces.
You spent 1528 gold pieces at shops.

Inventory:

Hand Weapons
 i - a +2 vampiric giant spiked club
Missiles
 f - 49 poisoned darts
 g - 15 curare-tipped darts
 v - a throwing net
 z - 10 boomerangs
 J - 2 large rocks
 Q - 2 boomerangs of dispersal
Armour
 k - a +1 robe of willpower (melded)
 E - a +0 cloak (melded)
Jewellery
 a - the amulet of Vitality (around neck) {RegenMP++ Regen++}
   (You bought it in a shop on level 4 of the Dungeon)

   [amulet of magic regeneration]

   It increases your rate of magic regeneration.
   Regen:     It increases your rate of health regeneration.
 C - a ring of ice
 P - a ring of poison resistance (left front paw)
 R - a ring of resist corrosion (right front paw)
Wands
 o - a wand of polymorph (13)
 q - a wand of digging (17)
 t - a wand of mindburst (9)
 u - a wand of flame (14)
 B - a wand of paralysis (24) (quivered)
 T - a wand of roots (16)
Scrolls
 b - 8 scrolls of teleportation
 c - 3 scrolls of amnesia
 d - 4 scrolls of torment
 e - 3 scrolls of vulnerability
 h - 3 scrolls of magic mapping
 x - a scroll of summoning
 y - 6 scrolls of poison
 A - a scroll of fog
 D - 3 scrolls of immolation
 H - 2 scrolls of fear
 I - 3 scrolls of identify
 K - 3 scrolls of enchant armour
Potions
 j - 4 potions of flight
 l - 2 potions of magic
 m - 6 potions of haste
 n - 2 potions of mutation
 p - 5 potions of brilliance
 r - 13 potions of curing
 s - 2 potions of resistance
 w - 6 potions of lignification
 F - a potion of might
 G - 3 potions of attraction
 L - 3 potions of invisibility
 S - a potion of cancellation
 U - 7 potions of ambrosia
Miscellaneous
 N - a lightning rod (4/4)


   Skills:
 + Level 22.9 Fighting
 + Level 8.2 Maces & Flails
 - Level 4.0 Throwing
 - Level 3.0 Armour
 + Level 4.1 Dodging
 - Level 2.0 Stealth
 - Level 7.0 Unarmed Combat
 - Level 9.0 Spellcasting
 - Level 3.0 Conjurations
 - Level 5.0 Translocations
 - Level 9.0 Transmutations
 - Level 6.3 Ice Magic
 - Level 3.0 Air Magic
 - Level 7.0 Poison Magic
 - Level 6.0 Invocations
 - Level 4.0 Evocations


You had 12 spell levels left.
You knew the following spells:

 Your Spells              Type           Power      Damage    Failure   Level
a - Ice Form              Ice/Tmut       39%        N/A       3%          4
b - Wereblood             Tmut           45%        N/A       1%          2
c - Olgreb's Toxic Radia  Pois           37%        N/A       4%          4
d - Ignite Poison         Fire/Tmut/Pois 30%        N/A       2%          3
e - Ozocubu's Armour      Ice            34%        N/A       1%          3
f - Mephitic Cloud        Conj/Pois/Air  26%        N/A       4%          3
g - Blink                 Tloc           58%        N/A       1%          2

Your spell library contained the following spells:

 Spells                   Type           Power      Damage    Failure   Level
 Beastly Appendage        Tmut           90%        N/A       1%          1
 Freeze                   Ice            100%       1d10      1%          1
 Sting                    Tmut/Pois      100%       1d8       1%          1
 Lesser Beckoning         Tloc           58%        N/A       1%          2
 Poisonous Vapours        Pois/Air       58%        N/A       1%          2
 Spider Form              Tmut/Pois      41%        N/A       1%          3
 Momentum Strike          Conj/Tloc      50%        3d9       2%          2
 Cigotuvi's Dreadful Rot  Necr/Pois/Air  44%        N/A       3%          2
 Ensorcelled Hibernation  Hex/Ice        42%        N/A       3%          2
 Static Discharge         Conj/Air       42%        2-4/arc   3%          2
 Gell's Gravitas          Tloc           29%        N/A       3%          3
 Teleport Other           Tloc           29%        N/A       3%          3
 Manifold Assault         Tloc           29%        N/A       10%         4
 Call Imp                 Summ           18%        N/A       12%         2
 Irradiate                Conj/Tmut      16%        3d17      19%         5
 Inner Flame              Hex/Fire       9%         N/A       22%         3
 Airstrike                Air            10%        2d(2-18)  22%         4
 Freezing Cloud           Conj/Ice/Air   12%        6-21      36%         5
 Flame Wave               Conj/Fire      15%        2d7       38%         4
 Sticky Flame             Conj/Fire      15%        2d4       38%         4
 Summon Lightning Spire   Summ/Air       15%        N/A       38%         4
 Arcjolt                  Conj/Air       10%        1d20      52%         5
 Anguish                  Hex/Necr       4%         N/A       58%         4
 Cause Fear               Hex            4%         N/A       58%         4
 Silence                  Hex/Air        7%         N/A       75%         5
 Iron Shot                Conj/Erth      7%         9d2       99%         6
 Ozocubu's Refrigeration  Ice            17%        4d11      99%         7
 Storm Form               Tmut/Air       16%        N/A       99%         7
 Enfeeble                 Hex            4%         N/A       100%        7
 Ignition                 Fire           4%         3d4       100%        8
 Polar Vortex             Ice            17%        N/A       100%        9


Dungeon Overview and Level Annotations

Branches:
Dungeon (15/15)            Temple (1/1) D:7            Lair (5/5) D:10
  Swamp (0/4) Lair:3       Spider (1/4) Lair:3        Slime (0/5) Lair:5
    Orc (2/2) D:11            Elf (0/3) Orc:2        Vaults (0/5) D:14
 Depths (0/4) D:15          Sewer (visited)           IceCv (visited)

Altars:
Ashenzari
Cheibriados
Dithmenos
Elyvilon
Fedhas
Gozag
Hepliaklqana
Kikubaaqudgha
Makhleb
Nemelex Xobeh
Okawaru
Qazlal
Ru
Sif Muna
Trog
Uskayaw
Vehumet
Wu Jian
Xom
Yredelemnul
Zin
The Shining One

Shops:
D:2 =   D:4 *=   D:9 ([:[   D:14 !   Orc:2 =?(![

Annotations:
D:6 exclusion: 2 downstairs
D:9 Erica
Lair:4 exclusion: downstairs
Lair:5 fly and rf vault, 2 transporters, Esekla's ghost, journeyman DrEn


Innate Abilities, Weirdness & Mutations

You are a creature of crystalline ice.
You have a powerful freezing melee attack.
You are amphibious.
Your maximum health is increased.
Your armour is entirely melded.
You are incapable of wielding weapons or throwing items.
You are too large for most types of armour.
((You have tough skin. (AC +1)))


Message History

You kill the centaur warrior!
Sif Muna accepts your kill.
Your toxic aura wanes.
An orc warrior comes into view. It is wielding a +0 hand axe.
Unknown command.
Casting: Olgreb's Toxic Radiance (mildly dangerous; 4% risk of failure)
Confirm with . or Enter, or press ? or * to list all spells.
You begin to radiate toxic energy.
The orc warrior shouts!
The orc warrior is poisoned.
The orc warrior looks even sicker.
Casting: Olgreb's Toxic Radiance (mildly dangerous; 4% risk of failure)
Confirm with . or Enter, or press ? or * to list all spells.
You miscast Ignite Poison.
You are very lightly contaminated with residual magic.
Nothing appears to happen.
The orc warrior looks even sicker.
Your toxic aura wanes.
You hit the orc warrior but do no damage.
The orc warrior is moderately wounded.
The orc warrior hits you with a +0 hand axe.
You punch the orc warrior! You freeze the orc warrior.
The orc warrior is almost dead.
The orc warrior closely misses you.
You barely miss the orc warrior.
The orc warrior is almost dead.
The orc warrior hits you with a +0 hand axe.
An orc warrior is nearby!
You barely miss the orc warrior.
The orc warrior is almost dead.
The orc warrior hits you but does no damage.
You punch the orc warrior! You freeze the orc warrior.
You kill the orc warrior!
Sif Muna accepts your kill.
Your magical contamination has completely faded away.
Your transformation is almost over.
Found an opulent altar of Gozag.
You warm up again.
Your +0 cloak unmelds from your body.
Your +1 robe of willpower unmelds from your body.
You feel strong-willed.
You now have 564 gold pieces (gained 12).
You now have 580 gold pieces (gained 16).
Done exploring.
Done exploring.
Done exploring.
Search for what [Enter for "."]? .
Search for what [Enter for "."]? statue Can't find anything matching that.
Casting: Ignite Poison (mildly dangerous; 2% risk of failure)
Confirm with . or Enter, or press ? or * to list all spells.
Okay, then.
Okay, then.
Done exploring.
(D) Dungeon (T) Temple (L) Lair (S) Swamp (N) Spider Nest (M) Slime Pits (O) Orcish Mines (E) Elven Halls (V) Vaults (U) Depths
Where to? (Enter - D:15, ? - help)
What level of the Spider Nest? (default 1, ? - help)
There is a stone staircase leading up here.
You climb upwards.
There is a stone staircase leading down here.
There is a stone staircase leading up here.
You climb upwards.
There is a stone staircase leading down here.
There is a stone staircase leading up here.
You climb upwards.
There is a stone staircase leading down here.
There is a stone staircase leading up here.
You climb upwards.
There is a stone staircase leading down here.
There is a stone staircase leading up here.
You climb upwards.
There is a stone staircase leading down here.
There is a staircase to the Lair here.
You climb downwards.
Welcome back to the Lair of Beasts!
There is a staircase back to the Dungeon here.
There is a stone staircase leading down here.
You climb downwards.
There is a stone staircase leading up here.
There is a stone staircase leading down here.
You climb downwards.
There is a stone staircase leading up here.
There is a hole to the Spider Nest here.
Casting: Ignite Poison (mildly dangerous; 2% risk of failure)
Confirm with . or Enter, or press ? or * to list all spells.
You turn into a creature of crystalline ice.
Your +0 cloak melds into your body.
Your +1 robe of willpower melds into your body.
You feel less strong-willed.
You climb downwards.
Welcome to the Spider Nest!
This branch contains the gossamer rune of Zot.
The pharaoh ant gives a chilling moan.
The culicivora's many legs skitter faintly.
The wolf spider's many legs skitter.
The jumping spider's many legs skitter faintly.
Found a glowing helmet and a potion of curing.
There is a crawl-hole back to the Lair here.
Casting: Ice Form (mildly dangerous; 3% risk of failure)
Confirm with . or Enter, or press ? or * to list all spells.
You begin to radiate toxic energy.
The wolf spider is poisoned.
The culicivora is poisoned.
The jumping spider is poisoned.
The redback is poisoned.
The culicivora looks even sicker.
The jumping spider looks even sicker.
The redback looks even sicker.
You hear a faint skittering sound.
The jumping spider leaps!
A culicivora comes into view.
The culicivora is poisoned.
A jumping spider comes into view.
Casting: Olgreb's Toxic Radiance (mildly dangerous; 4% risk of failure)
Confirm with . or Enter, or press ? or * to list all spells.
You ignite the poison in your surroundings!
The wolf spider seems to burn from within!
The wolf spider is moderately wounded.
The redback seems to burn from within!!
You kill the redback!
Sif Muna accepts your kill.
The culicivora seems to burn from within!!
The culicivora is heavily wounded.
The jumping spider seems to burn from within!!!
You kill the jumping spider!
Sif Muna accepts your kill.
The jumping spider's many legs skitter faintly.
The jumping spider is poisoned.
The wolf spider is poisoned.
The culicivora is poisoned.
Your toxic aura wanes.
You hear a faint skittering sound.
A redback comes into view.
Casting: Ignite Poison (mildly dangerous; 2% risk of failure)
Confirm with . or Enter, or press ? or * to list all spells.
You ignite the poison in your surroundings!
The wolf spider seems to burn from within!
The wolf spider is severely wounded.
The culicivora seems to burn from within!!
The culicivora is severely wounded.
The jumping spider seems to burn from within!
The jumping spider is severely wounded.
The culicivora seems to burn from within!!
You kill the culicivora!
Sif Muna accepts your kill. The wolf spider closely misses you.
The wolf spider bites you!
The jumping spider leaps!
The culicivora bites you!
The culicivora draws strength from your injuries!
Casting: Ignite Poison (mildly dangerous; 2% risk of failure)
Confirm with . or Enter, or press ? or * to list all spells.
You begin to radiate toxic energy.
The redback is poisoned.
The jumping spider is poisoned.
The wolf spider is poisoned.
The culicivora is poisoned.
The redback looks even sicker.
The jumping spider looks even sicker.
The wolf spider looks even sicker.
The culicivora looks even sicker.
You kill the jumping spider!
Sif Muna accepts your kill. The culicivora bites you!
The culicivora draws strength from your injuries!
The pharaoh ant closely misses you.
The redback looks even sicker.
The wolf spider hits you!! The wolf spider bites you.
The culicivora bites you!!
The culicivora draws strength from your injuries!
The pharaoh ant bites you!!! The wolf spider hits you.
The wolf spider bites you but does no damage.
The culicivora bites you!!
The culicivora draws strength from your injuries!
You barely miss the pharaoh ant.
The redback looks as sick as possible!
The culicivora looks even sicker.
The pharaoh ant bites you!!
You feel drained. The culicivora bites you!
The culicivora draws strength from your injuries!
The wolf spider hits you! The wolf spider bites you.
* * * LOW HITPOINT WARNING * * *
Casting: Olgreb's Toxic Radiance (mildly dangerous; 4% risk of failure)
Confirm with . or Enter, or press ? or * to list all spells.
You ignite the poison in your surroundings!
The redback seems to burn from within!!!
You kill the redback!
Sif Muna accepts your kill.
The culicivora seems to burn from within!!!
You kill the culicivora!
Sif Muna accepts your kill.
The wolf spider seems to burn from within!!
You kill the wolf spider!
Sif Muna accepts your kill.
Your toxic aura wanes.
The pharaoh ant barely misses you. The pharaoh ant bites you!!
* * * LOW HITPOINT WARNING * * *
You feel drained.
* * * LOW HITPOINT WARNING * * *
Okay, then.
You can't do that in your present form.
You can't see any enemies this would affect, really read the scroll of fear?
Okay, then.
Okay, then.
Okay, then.
Aiming: Paralyse
Press: ? - help, Q - select action, (/) - cycle Shift-Dir - straight line, f - pharaoh ant
Aim: a pharaoh ant (chance to affect: 25%)
Okay, then.
As you read the scroll of summoning, it crumbles to dust.
Wisps of shadow whirl around you...
A redback comes into view.
A wolf spider comes into view.
The pharaoh ant bites you!!
* * * LOW HITPOINT WARNING * * *
You feel drained.
You die...

~# ...s.
#~ #†...
# ≈≈
.... .
≈#≈#≈
.†!##.s
#≈≈≈≈≈
......#
≈≈≈~#
.......
#.s#.s.#


#sBYss# #.....†ss#..... .[#s.#.sB# ... .... ..ss# . ... ...### .. ..#. . #..##
..# You could see a wolf spider, a pharaoh ant (ally target), a redback, a
friendly radroach (summoned), a friendly culicivora (summoned, wandering) and 10
friendly redbacks.

Vanquished Creatures
  An ettin (D:15)
  Josephine (D:10)
  Snorg (D:12)
  Erolcha (Orc:2)
  6 hydras
  2 ogre magi
  A caustic shrike simulacrum (IceCv)
  8 vault guards (D:14)
  9 centaur warriors
  4 catoblepae
  9 two-headed ogres
  3 boulder beetles
  10 death yaks
  Sonja (Orc:2)
  Nergalle (Orc:2)
  2 skysharks (Lair:5)
  A pharaoh ant (Lair:3)
  A bog body (IceCv)
  A wizard (D:15)
  3 deep trolls (D:15)
  6 spriggan simulacra (IceCv)
  A wolf spider (Spider:1)
  3 deep elf pyromancers
  A lindwurm (Lair:5)
  2 orc knights (D:15)
  7 orc sorcerers (Orc:2)
  A cyclops (D:15)
  17 ugly things
  4 manticores
  2 centaur zombies (D:9)
  9 elephants (Lair:5)
  A black mamba (shapeshifter) (D:15)
  2 centaur skeletons (D:9)
  13 cane toads
  A torpor snail (Lair:4)
  Maggie (D:6)
  An efreet (D:14)
  An unseen horror (D:12)
  10 komodo dragons
  9 ice devils (IceCv)
  2 freezing wraiths (IceCv)
  A rime drake (shapeshifter) (D:14)
  5 rime drakes
  A golden dragon simulacrum (IceCv)
  A tengu conjurer (D:15)
  2 hellwings (D:9)
  A queen bee (D:12)
  2 trolls
  A hornet (D:11)
  A polar bear (Lair:1)
  3 meliai (D:12)
  A troll (shapeshifter) (D:14)
  A tyrant leech (Lair:3)
  21 blink frogs
  9 dream sheep
  3 tarantellas (Lair:3)
  Grinder (D:3)
  2 jumping spiders (Spider:1)
  A culicivora (shapeshifter) (D:13)
  2 culicivoras (Spider:1)
  8 slime creatures
  2 centaur simulacra (D:14)
  4 wraiths
  8 wyverns
  75 yaks
  2 shadows
  A vampire (D:12)
  A basilisk (shapeshifter) (D:15)
  2 basilisks
  2 steam dragons
  17 vampire mosquitoes
  Menkaure (D:5)
  2 redbacks (Spider:1)
  8 minotaur simulacra (IceCv)
  Edmund (D:5)
  2 wargs (Orc:2)
  A swamp worm (Lair:3)
  4 acid dragons
  15 water moccasins
  Duvessa (D:7)
  A hydra simulacrum (IceCv)
  13 orc warriors
  An ice beast (D:7)
  A black bear (D:6)
  A boggart (D:5)
  12 ogres
  7 wolves
  11 centaurs
  9 kobold brigands
  A phantom (D:6)
  Blork the orc (D:5)
  6 bullfrogs
  5 scorpions
  10 deep troll simulacra (IceCv)
  4 wights (D:10)
  Dowan (D:7)
  3 lindwurm simulacra (IceCv)
  23 killer bees
  A howler monkey (D:10)
  5 jellies
  12 orc priests
  An iguana (D:5)
  A boggart zombie (D:9)
  35 orc wizards
  7 hell rats (Lair:3)
  9 adders
  A river rat (Sewer)
  6 shadow imps
  A white imp (D:7)
  4 worms (Sewer)
  A dart slug (D:2)
  71 orcs
  13 ball pythons
  13 endoplasms
  6 giant cockroaches
  11 goblins
  7 hobgoblins
  15 kobolds
  4 quokkas
  9 bats
  6 frilled lizards
  11 rats
  A butterfly (Lair:3)
737 creatures vanquished.

Vanquished Creatures (others)
  An orc (D:7)
1 creature vanquished.

Grand Total: 738 creatures vanquished

Notes
Turn   | Place    | Note
-------+----------+-------------------------------------------
     0 | D:1      | GloriousHammer the Ogre Transmuter began the quest for the
                  | Orb.
     0 | D:1      | Reached XP level 1. HP: 19/19 MP: 3/3
   234 | D:1      | Reached XP level 2. HP: 16/27 MP: 5/5
   801 | D:1      | Reached XP level 3. HP: 33/33 MP: 5/7
  1371 | D:1      | Learned a level 3 spell: Spider Form
  1477 | D:2      | Found a broken altar of Ashenzari.
  1684 | D:2      | Found Ycummoom's Jewellery Boutique.
  2082 | D:2      | Found a faded altar of an unknown god.
  2178 | D:3      | Reached XP level 4. HP: 39/41 MP: 6/8
  2222 | D:3      | Noticed Grinder
  2232 | D:3      | Paralysed by Grinder for 5 turns
  2244 | D:3      | Killed Grinder
  2245 | D:3      | Reached XP level 5. HP: 33/48 MP: 9/9
  2245 | D:3      | Reached XP level 6. HP: 38/55 MP: 10/10
  2300 | D:3      | Learned a level 4 spell: Ice Form
  3482 | D:4      | Reached skill level 2 in Fighting
  3536 | D:4      | Reached skill level 1 in Ice Magic
  3709 | D:4      | Reached skill level 5 in Transmutations
  3709 | D:4      | Reached XP level 7. HP: 42/66 MP: 8/11
  4159 | D:4      | Found Ravythrio's Serpentskin Sales.
  4165 | D:4      | Bought a ring of poison resistance for 220 gold pieces
  4454 | D:4      | Found Irigos's Jewellery Shop.
  4512 | D:5      | Entered Level 5 of the Dungeon
  4531 | D:5      | Reached skill level 3 in Fighting
  4581 | D:5      | Noticed Blork the orc
  4610 | D:5      | Killed Blork the orc
  4703 | D:5      | Noticed Ijyb
  4707 | D:5      | Ijyb changed into Ijyb the boggart
  4707 | D:5      | Noticed Ijyb
  4716 | D:5      | Killed Ijyb the boggart
  4717 | D:5      | Reached XP level 8. HP: 31/78 MP: 9/12
  4770 | D:5      | Noticed Menkaure
  4783 | D:5      | Killed Menkaure
  4784 | D:5      | Reached skill level 4 in Fighting
  4818 | D:5      | Found a glowing drain.
  4834 | Sewer    | Entered a sewer
  5640 | Sewer    | Reached skill level 5 in Fighting
  6124 | D:5      | Noticed Edmund
  6157 | D:5      | Killed Edmund
  6158 | D:5      | Reached XP level 9. HP: 66/89 MP: 3/13
  6639 | D:6      | Reached skill level 6 in Fighting
  6702 | D:6      | Learned a level 2 spell: Wereblood
  7794 | D:7      | Found a staircase to the Ecumenical Temple.
  7807 | Temple   | Entered the Ecumenical Temple
  7919 | Temple   | Became a worshipper of Sif Muna the Loreminder
  8065 | D:7      | Noticed Duvessa
  8065 | D:7      | Noticed Dowan
  8075 | D:7      | Killed Duvessa
  8078 | D:7      | Killed Dowan
  8120 | D:7      | Reached skill level 7 in Fighting
  8579 | D:7      | Noticed Maggie
  8595 | D:6      | Killed Maggie
  8596 | D:6      | Reached skill level 5 in Ice Magic
  9163 | D:7      | Reached skill level 1 in Invocations
  9163 | D:7      | Reached XP level 10. HP: 83/104 MP: 11/14
  9499 | D:8      | Reached skill level 1 in Armour
  9504 | D:8      | Reached * piety under Sif Muna
  9537 | D:8      | Reached skill level 1 in Stealth
  9603 | D:8      | Reached skill level 1 in Evocations
 10208 | D:8      | Reached skill level 8 in Fighting
 10498 | D:9      | Found Tesheczics's Antique Armour Shop.
 10505 | D:9      | Found Wyec's Weapon Emporium.
 10508 | D:9      | Noticed a two-headed ogre
 10516 | D:9      | Killed a two-headed ogre
 10966 | D:9      | Noticed Erica
 11287 | D:9      | Found Cuxzura Kiom's Armour Boutique.
 11312 | D:9      | Reached skill level 5 in Unarmed Combat
 11342 | D:9      | Reached XP level 11. HP: 71/113 MP: 12/15
 11603 | D:9      | Reached skill level 9 in Fighting
 11763 | D:9      | Found Usatza's Book Emporium.
 11869 | D:9      | Found a white marble altar of Elyvilon.
 12379 | D:9      | Learned a level 3 spell: Mephitic Cloud
 12405 | D:10     | Entered Level 10 of the Dungeon
 12545 | D:10     | Noticed Josephine
 12567 | D:10     | Killed Josephine
 12587 | D:10     | Reached skill level 1 in Conjurations
 12590 | D:10     | Reached ** piety under Sif Muna
 12591 | D:10     | Reached skill level 1 in Air Magic
 14168 | D:10     | Reached skill level 5 in Invocations
 14311 | D:10     | Noticed a two-headed ogre
 14349 | D:10     | Killed a two-headed ogre
 14926 | D:10     | Found a staircase to the Lair.
 14932 | Lair:1   | Entered Level 1 of the Lair of Beasts
 15222 | Lair:1   | Reached skill level 10 in Fighting
 15625 | Lair:1   | Found a shimmering blue altar of Sif Muna.
 15684 | Lair:1   | Reached XP level 12. HP: 126/126 MP: 16/16
 16622 | D:9      | Bought a Young Poisoner's Handbook for 260 gold pieces
 16735 | D:10     | Learned a level 4 spell: Olgreb's Toxic Radiance
 17279 | Lair:2   | Reached skill level 11 in Fighting
 18076 | Lair:2   | Learned a level 3 spell: Ignite Poison
 18230 | Lair:3   | Reached skill level 5 in Poison Magic
 18475 | Lair:3   | Reached skill level 5 in Spellcasting
 18491 | Lair:3   | Reached *** piety under Sif Muna
 18502 | Lair:3   | Reached skill level 12 in Fighting
 18741 | Lair:3   | Noticed an eight-headed hydra
 18755 | Lair:3   | Killed an eight-headed hydra
 19175 | Lair:3   | Learned a level 3 spell: Ozocubu's Armour
 19178 | Lair:3   | Learned a level 2 spell: Blink
 19535 | Lair:3   | Reached XP level 13. HP: 66/134 MP: 10/22
 19837 | Lair:3   | Found a hole to the Spider Nest.
 19992 | Lair:3   | Found a staircase to the Swamp.
 20014 | Lair:3   | Reached skill level 13 in Fighting
 21454 | Lair:4   | Reached skill level 14 in Fighting
 21685 | Lair:4   | Reached **** piety under Sif Muna
 21686 | Lair:4   | Reached skill level 15 in Fighting
 22083 | Lair:5   | Entered Level 5 of the Lair of Beasts
 22320 | Lair:5   | Reached skill level 16 in Fighting
 22601 | Lair:5   | Found a staircase to the Slime Pits.
 22837 | Lair:5   | Reached skill level 17 in Fighting
 22899 | Lair:5   | Reached XP level 14. HP: 98/166 MP: 8/23
 23015 | Lair:5   | Noticed Esekla's ghost (journeyman DrEn)
 23295 | Lair:5   | Reached skill level 18 in Fighting
 23710 | Lair:5   | Reached skill level 19 in Fighting
 24859 | Lair:5   | Reached skill level 20 in Fighting
 25504 | Lair:5   | Found a transporter.
 25506 | Lair:5   | Found a transporter.
 25621 | Lair:5   | Identified the +4 broad axe of a Hundred Curses {pain, MP+9
                  | Stlth+}
 25964 | D:11     | Found a staircase to the Orcish Mines.
 26414 | D:11     | Paralysed by a hornet for 2 turns
 27283 | Orc:1    | Entered Level 1 of the Orcish Mines
 27425 | Orc:2    | Entered Level 2 of the Orcish Mines
 27434 | Orc:2    | Noticed Sonja
 27437 | Orc:2    | Killed Sonja
 27438 | Orc:2    | Reached skill level 21 in Fighting
 27771 | Orc:2    | Found a staircase to the Elven Halls.
 27824 | Orc:2    | Reached skill level 1 in Throwing
 27839 | Orc:2    | Reached skill level 1 in Translocations
 28106 | D:4      | Bought the amulet of Vitality {RegenMP++ Regen++} for 1000
                  | gold pieces
 28106 | D:4      | Found the amulet of Vitality {RegenMP++ Regen++}
 28396 | Orc:2    | Reached skill level 1 in Maces & Flails
 28404 | Orc:2    | Found Huozxewy's Antique Weapon Boutique.
 28655 | Orc:2    | Reached ***** piety under Sif Muna
 28706 | Orc:2    | Found an ancient bone altar of Kikubaaqudgha.
 28706 | Orc:2    | Noticed Nergalle
 28711 | Orc:2    | Killed Nergalle
 28727 | Orc:2    | Found Cuehupp's Magic Scroll Shoppe.
 28741 | Orc:2    | Received a gift from Sif Muna
 28743 | Orc:2    | Reached XP level 15. HP: 92/185 MP: 12/24
 28743 | Orc:2    | Paralysed by an orc sorcerer for 2 turns
 28774 | Orc:2    | Got Sif Muna's Atlas of Chilling Calling {god gift}
 28798 | Orc:2    | Noticed Erolcha
 28810 | Orc:2    | Killed Erolcha
 28827 | Orc:2    | Found a radiant altar of Vehumet.
 28843 | Orc:2    | Found Pautt's Jewellery Shoppe.
 28878 | Orc:2    | Bought a scroll of identify for 24 gold pieces
 28878 | Orc:2    | Bought a scroll of identify for 24 gold pieces
 28905 | Orc:2    | Found Muquul's Distillery.
 28936 | Orc:2    | Found Uxyuvvy's Antique Armour Emporium.
 29235 | D:12     | Noticed Snorg
 29243 | D:12     | Killed Snorg
 31061 | D:14     | Identified the +5 battleaxe "Xudonwu" {holy, +Blink MP-9
                  | Str+3}
 31108 | D:14     | Found a gate to the Vaults.
 31238 | D:14     | Received a gift from Sif Muna
 31252 | D:14     | Got Rumuosto's Spellbook of the Volcano and the Jinx {god
                  | gift}
 31730 | D:14     | Reached skill level 5 in Maces & Flails
 31730 | D:14     | Reached skill level 5 in Translocations
 31920 | D:14     | Found Baoganeema's Distillery.
 31977 | D:15     | Entered Level 15 of the Dungeon
 31990 | D:15     | Found a frozen archway.
 32004 | IceCv    | Entered an ice cave
 32291 | IceCv    | Reached XP level 16. HP: 192/198 MP: 29/29
 32669 | IceCv    | Received a gift from Sif Muna
 32689 | IceCv    | Reached skill level 22 in Fighting
 32691 | IceCv    | Got Sif Muna's Folio of Vexatious Blasts {god gift}
 33034 | IceCv    | Noticed an Ice Fiend
 33352 | D:15     | Identified the +0 robe of Qini Wad {-Tele rPois MP+9}
 33849 | D:15     | Found a staircase to the Depths.
 34340 | D:15     | Found an opulent altar of Gozag.
 34703 | Spider:1 | Entered Level 1 of the Spider Nest
 34712 | Spider:1 | HP: 8/224 [pharaoh ant (31)]
 34712 | Spider:1 | Slain by a pharaoh ant

Illustrated notes

Levels and vault maps discovered:
D:1:      lightli_molten_gateway, layout_basic, serial_bayou_pond_e,
          nrook_uturn, minmay_pentomino_s2
D:2:      layout_basic, basic_ecumenical_altar, serial_shops,
          nicolae_shop_trees, basic_altar
D:3:      layout_basic, uniq_grinder
D:4:      layout_basic, serial_shops, shop_statue, guppyfry_shop_venom
D:5:      layout_basic, portal_sewer_entry_d, uniq_edmund, uniq_menkaure,
          uniq_ijyb, uniq_blork_the_orc
D:6:      layout_gridville
D:7:      layout_loops_ring, minmay_temple_entry_mist,
          kennysheep_generic_room_11, uniq_maggie, uniq_duvessa
D:8:      layout_loops_ring
D:9:      cheibrodos_grave_circle, layout_loops_ring,
          nicolae_overflow_crystal_walls, serial_shops, shop,
          nicolae_shop_tiny_waterfront, shop, kennysheep_mini_moat, uniq_erica
D:10:     layout_long_grid, erik_lair_dragon, uniq_josephine
D:11:     layout_stronghold, orc_0_dummy
D:12:     layout_cave_pods, special_room [special_room_bee], uniq_snorg
D:13:     layout_loops_cross
D:14:     layout_cross, erik_vaults_2, serial_shops,
          nicolae_shop_pleasant_corner_grove,
          amcnicky_mini_rare_corridor_liquid, minmay_joined_circles
D:15:     hangedman_depths_entry_civil_slaughter, layout_basic,
          nicolae_gozag_cash_rules_everything_around_me,
          portal_ice_cave_entry_pillars_four, serial_corexii_hall,
          chequers_hall_statues_wall_a, corexii_hall_statues_i,
          minmay_unpleasant_kobolds
Temple:   minmay_crystal_snake_temple
Lair:1:   layout_small_grid, basic_altar
Lair:2:   layout_hall_layers, pdpol_lair_neglected_garden, grunt_megastairs_4
Lair:3:   layout_cave_shapes, minmay_swamp_entry_worms,
          nicolae_spider_entry_lesser_pyramids, columned_hall_lemuel,
          beast_lair_carwin_9, lemuel_fruit_fields
Lair:4:   layout_gridlike
Lair:5:   evilmike_catoblepas_cave, layout_cave_pods, slime_entry_1,
          gammafunk_ghost_hive, minmay_lindwurm_lava
Spider:1: layout_spider_delve, nicolae_spider_shape,
          hangedman_spider_tarantella_strand
Orc:1:    layout_diamond_mine
Orc:2:    kennysheep_orc_mage_school, layout_diamond_mine, basic_altar,
          serial_shops, nicolae_shop_pleasant_corner_grove, uniq_sonja

Skill      XL: |  1  2  3  4  5  6  7  8  9 10 11 12 13 14 15 16 |
---------------+-------------------------------------------------+-----
Transmutations | 2 4 5 7 8 9 |  9.0
Unarmed Combat | 3 4 5 6 7 |  7.0
Spellcasting   | 3 6 9 |  9.0
Poison Magic   | 2 3 5 7 |  7.0
Fighting       | 2 3 5 7 8 10 12 17 21 22 | 22.9
Ice Magic      | 1 2 3 5 6 |  6.3
Dodging        | 2 3 4 |  4.1
Invocations    | 1 3 5 6 |  6.0
Armour         | 2 3 |  3.0
Stealth        | 2 |  2.0
Evocations     | 2 4 |  4.0
Conjurations   | 3 |  3.0
Air Magic      | 3 |  3.0
Throwing       | 2 4 |  4.0
Translocations | 2 5 |  5.0
Maces & Flails | 2 5 8 |  8.2

Action                     |  1- 3 |  4- 6 |  7- 9 | 10-12 | 13-15 | 16-18 || total
---------------------------+-------+-------+-------+-------+-------+-------++-------
  Melee: Unarmed           |   140 |    67 |   361 |   596 |   521 |   169 ||  1854
         Kick              |    28 |    10 |       |       |       |       ||    38
         Headbutt          |     5 |     9 |       |       |       |       ||    14
         Punch             |     3 |       |       |     1 |       |       ||     4
         Dagger            |     2 |    15 |       |     7 |    19 |       ||    43
   Fire: Sling             |       |    10 |   108 |    18 |       |       ||   136
  Throw: Dart              |       |       |       |     2 |       |       ||     2
   Cast: Beastly Appendage |    44 |    11 |       |       |       |       ||    55
         Spider Form       |       |     8 |    53 |     2 |       |       ||    63
         Ice Form          |       |       |     4 |    58 |    65 |    18 ||   145
         Wereblood         |       |       |     3 |    47 |    53 |    12 ||   115
         Olgreb's Toxic Ra |       |       |       |     6 |   120 |    35 ||   161
         Ignite Poison     |       |       |       |       |   112 |    36 ||   148
         Ozocubu's Armour  |       |       |       |       |    26 |    11 ||    37
         Blink             |       |       |       |       |       |     1 ||     1
 Invoke: Channel Magic     |       |       |       |     1 |     5 |       ||     6
         Forget Spell      |       |       |       |     1 |       |       ||     1
  Evoke: Wand              |       |       |     4 |     2 |     1 |    10 ||    17
    Use: Potion            |       |     1 |     2 |     2 |     1 |     2 ||     8
         Scroll            |       |       |    11 |     8 |    17 |     6 ||    42
   Stab: Paralysed         |       |       |    11 |     6 |       |       ||    17
         Sleeping          |       |       |       |       |     1 |       ||     1
 Armour: Robe              |    69 |    13 |    14 |       |    16 |       ||   112
         Skin              |       |    11 |    31 |   207 |   269 |    82 ||   600
         Acid dragon scale |       |       |     2 |    14 |    15 |       ||    31
  Dodge: Dodged            |    87 |    49 |   316 |   371 |   338 |    88 ||  1249
